 Dungeon Crawl Stone Soup version 0.28.0-62-gf88900778d (webtiles) character file.

Game seed: 14236708302463157695

54370 infinitevox the Fighter (level 14, -4/113 HPs)
             Began as a Demonspawn Wanderer on Apr 15, 2023.
             Was an Elder of Makhleb.
             Slain by a dream sheep (16 damage)
             ... on level 6 of the Lair of Beasts on May 2, 2023.
             The game lasted 01:43:43 (17445 turns).

infinitevox the Fighter (Demonspawn Wanderer)      Turns: 17445, Time: 01:43:43

Health: -4/113     AC: 18    Str: 17    XL:     14   Next: 34%
Magic:  0/20       EV:  2    Int: 17    God:    Makhleb [****..]
Gold:   1221       SH:  0    Dex: 20    Spells: 14/25 levels left

rFire   . . .      SeeInvis .   i - +4 scimitar (flame)
rCold   . . .      Faith    .   a - +0 buckler
rNeg    . . .      Spirit   +   z - +0 swamp dragon scales
rPois   +          Reflect  +   H - +2 hat {Will+}
rElec   .          Harm     .   (no cloak)
rCorr   .          Rampage  .   n - +1 Delatra's gloves {ID++}
Will    ++...                   d - +2 pair of boots
Stlth   +.........              s - amulet of Vilatz {Reflect Int+4 SH+5}
HPRegen 0.28/turn               L - +4 ring of evasion
MPRegen 0.34/turn               f - +6 ring of strength

@: sleeping
A: antennae 2, claws 2, magic shield, magic regeneration, magic link, demonic
magic 1, weakness stinger 1, fangs 1, low MP 1, sense surroundings 1
a: Renounce Religion, Minor Destruction, Lesser Servant of Makhleb, Major
Destruction


You were on level 6 of the Lair of Beasts.
You worshipped Makhleb.
Makhleb was greatly pleased with you.
You visited 3 branches of the dungeon, and saw 17 of its levels.
You also visited: Sewer.

You collected 1233 gold pieces.
You spent 12 gold pieces at shops.

Inventory:

Hand Weapons
 h - a +1 hunting sling of flaming
 i - a +4 scimitar of flaming (weapon)
 o - the +4 trident "Lyawu" {speed, Str+4}
   (You found it on level 6 of the Lair of Beasts)

   Attacks with this weapon are significantly faster.
   Str:       It affects your strength (+4).
Missiles
 b - 2 throwing nets
 c - 85 sling bullets
 g - 501 stones (quivered)
Armour
 a - a +0 buckler (worn)
 d - a +2 pair of boots (worn)
 e - +0 acid dragon scales
 n - the +1 Delatra's gloves (worn) {ID++}
   (You found it on level 4 of the Dungeon)

   It heals its wearer when they drink unknown potions.
   It restores its wearer's MP when they read unknown scrolls.
 z - +0 swamp dragon scales (worn)
 D - a +2 ring mail of willpower
 H - a +2 hat of willpower (worn)
Jewellery
 f - a +6 ring of strength (right hand)
 s - the amulet of Vilatz (around neck) {Reflect Int+4 SH+5}
   (You acquired it on level 6 of the Lair of Beasts)

   [amulet of reflection]

   It reflects blocked missile attacks.
   Int:       It affects your intelligence (+4).
   SH:        It affects your SH (+5).
 t - a ring of ice
 u - the ring of Urphubiet {Fire Str+3 Stlth+}
   (You found it on level 10 of the Dungeon)

   [ring of fire]

   It enhances your fire magic.
   Str:       It affects your strength (+3).
   rF:        It protects you from fire.
   rC:        It makes you vulnerable to cold.
   Stlth:     It makes you more stealthy.
 x - a ring of protection from fire
 L - a +4 ring of evasion (left hand)
Wands
 q - a wand of flame (17)
Scrolls
 p - 13 scrolls of identify
 E - a scroll of holy word
Potions
 j - 3 potions of ambrosia
 k - 2 potions of lignification
 m - 4 potions of attraction
 v - a potion of resistance
 w - 4 potions of brilliance
 C - a potion of mutation
 G - a potion of flight
 N - a potion of cancellation
Miscellaneous
 l - a phial of floods (inert)
 y - a condenser vane (inert)


   Skills:
 + Level 11.4 Fighting
 - Level 11.0 Long Blades
 - Level 6.0 Slings
 - Level 10.0 Armour
 - Level 10.0 Dodging
 - Level 5.0 Shields
 - Level 6.0 Spellcasting
 - Level 5.0 Hexes
 - Level 2.2 Summonings
 * Level 7.3 Invocations
 - Level 5.1 Evocations


You had 14 spell levels left.
You knew the following spells:

 Your Spells              Type           Power      Damage    Failure   Level
a - Slow                  Hex            88%        N/A       3%          1
b - Confusing Touch       Hex            22%        N/A       11%         3
c - Dazzling Flash        Conj/Hex       26%        N/A       28%         3
d - Cause Fear            Hex            11%        N/A       34%         4

Your spell library contained the following spells:

 Spells                   Type           Power      Damage    Failure   Level
 Corpse Rot               Necr/Air       10%        N/A       38%         2
 Poisonous Vapours        Pois/Air       10%        N/A       38%         2
 Sublimation of Blood     Necr           5%         N/A       38%         2
 Wereblood                Tmut           5%         N/A       38%         2
 Vampiric Draining        Necr           5%         2d6       63%         3
 Passage of Golubria      Tloc           5%         N/A       95%         4
 Silence                  Hex/Air        6%         N/A       95%         5
 Agony                    Necr           5%         N/A       100%        5
 Alistair's Intoxication  Tmut/Pois      3%         N/A       100%        5
 Borgnjor's Vile Clutch   Necr/Erth      2%         N/A       100%        5
 Eringya's Noxious Bog    Tmut/Pois      2%         N/A       100%        6
 Dragon Form              Tmut           2%         N/A       100%        7
 Summon Hydra             Summ           6%         N/A       100%        7
 Lehudib's Crystal Spear  Conj/Erth      2%         10d2      100%        8
 Dragon's Call            Summ           6%         N/A       100%        9


Dungeon Overview and Level Annotations

Branches:
Dungeon (10/15)            Temple (1/1) D:4            Lair (6/6) D:8
 Shoals (0/4) Lair:2        Snake (0/4) Lair:3        Slime (0/5) Lair:5
  Sewer (visited)
    Orc: D:9-12

Altars:
Ashenzari
Cheibriados
Dithmenos
Elyvilon
Fedhas
Gozag
Hepliaklqana
Kikubaaqudgha
Makhleb
Nemelex Xobeh
Okawaru
Qazlal
Ru
Sif Muna
Trog
Uskayaw
Vehumet
Wu Jian
Xom
Yredelemnul
Zin
The Shining One
Jiyva

Shops:
D:3 [   D:7 [   D:9 (:!:

Annotations:
D:5 3 runed translucent doors, macfelon's ghost, amateur DECj
D:9 3 runed translucent doors, macfelon's ghost, novice DECj


Innate Abilities, Weirdness & Mutations

You have a pair of antennae on your head.
You have very sharp fingernails.
When hurt, damage is shared between your health and your magic reserves.
You regenerate magic rapidly.
When low on magic, you restore magic in place of health.
Spells you cast may paralyse adjacent enemies.
You have a small tail.
You have very sharp teeth.
Your magical capacity is low. (-10% MP)
You passively map a small area around you.


Message History

The death yak completely misses you.
You are overwhelmed by glittering dream dust!
You feel drowsy...
You fall asleep.
The death yak gores you.
You wake up.
The dream sheep bites you but does no damage.
You slice the dream sheep!! You burn the dream sheep.
You kill the dream sheep!
Makhleb accepts your kill.
You feel better. The death yak gores you.
You slice the komodo dragon!! You burn the komodo dragon.
You bite the komodo dragon, but do no damage.
The komodo dragon is heavily wounded.
The komodo dragon completely misses you.
The death yak gores you!
* * * LOW HITPOINT WARNING * * *
Magic courses through your body. The komodo dragon closely misses you.
The death yak gores you!
* * * LOW HITPOINT WARNING * * *
Magic courses through your body. The komodo dragon closely misses you.
You block the death yak's attack.
Okay, then.
Okay, then.
Aiming: Mindburst
Press: ? - help, Shift-Dir - straight line, f/p - komodo dragon
Aim: a komodo dragon (heavily wounded, chance to affect: 68%)
The komodo dragon's mind is blasted!!
You blow up the komodo dragon!
Makhleb accepts your kill.
The now-empty wand crumbles to dust.
The death yak gores you!!
* * * LOW HITPOINT WARNING * * *
Casting: Slow (safe; 3% risk of failure)
Confirm with . or Enter, or press ? or * to list all spells.
Okay, then.
You slash the dream sheep! You burn the dream sheep.
You tail-slap the dream sheep.
The dream sheep is severely wounded.
The dream sheep are wreathed in dream dust.
You feel drowsy...
You fall asleep.
The dream sheep bites you!!
You die...

....###.........##..# ,
........#.#...##....##.
....................... ,
........Y..........Y...
..........$............ ,
.....h{.Y..............
...†.†###...#..##.###.. ....
...#### ##.######### * #...
....#### #######@#.###########...
.......###...##Y#Y#.##.......#...
..........Y....Y{YY..............
...............Y{................
................†................
.................................
....##.#.#P.#.#.....#..#.#..#....
....#############.##..########...
..... ####### ##...


You could see a death yak, an elephant and 4 dream sheep.

Vanquished Creatures
  Rupert (Lair:3)
  4 hydras
  Fannar (Lair:2)
  A merfolk avatar (Lair:6)
  Erica (Lair:2)
  12 death yaks
  2 sea snakes (Lair:5)
  Pikel (D:7)
  2 cyclopes
  A manticore (Lair:6)
  12 black mambas
  9 elephants
  Joseph (D:7)
  10 cane toads
  Maggie (Lair:1)
  11 komodo dragons
  9 polar bears
  2 hornets
  A troll (D:10)
  3 meliai (Lair:5)
  2 wind drakes
  A queen bee (Lair:5)
  12 dream sheep
  4 blink frogs (Lair:3)
  22 yaks
  2 wraiths (Lair:5)
  A wyvern (Lair:3)
  3 basilisks
  4 steam dragons
  An acid dragon (D:10)
  4 nagas (Lair:3)
  17 water moccasins
  4 orc warriors
  Pargi (Sewer)
  3 sky beasts
  2 black bears
  An ice beast (D:6)
  An ogre (D:4)
  15 wolves
  7 centaurs
  2 lemures (D:7)
  4 kobold brigands
  6 bullfrogs
  A scorpion (D:5)
  14 killer bees (Lair:5)
  6 howler monkeys
  4 wights (D:9)
  2 centaur zombies
  An electric eel (Lair:2)
  A bullfrog zombie (D:6)
  2 jellies
  8 orc priests
  2 iguanas
  10 orc wizards
  6 hell rats
  2 hound skeletons (D:5)
  3 howler monkey zombies
  5 adders
  3 river rats
  A shadow imp (D:7)
  3 dart slugs
  33 orcs
  6 ball pythons
  9 bats
  6 endoplasms
  A giant cockroach (D:3)
  7 goblins
  2 hobgoblins
  4 jackals (D:5)
  4 quokkas
  5 frilled lizards
  24 kobolds
  A quokka skeleton (D:4)
  12 rats
392 creatures vanquished.

Vanquished Creatures (collateral kills)
  Gastronok (Lair:3)
  Nessos (Lair:4)
  Josephine (Lair:5)
  Harold (Lair:2)
  2 death yaks (Lair:6)
  A cane toad (Lair:6)
  A hornet (Lair:6)
  A blink frog (Lair:6)
  A wraith (Lair:5)
  2 yaks (Lair:5)
  3 water moccasins (Lair:6)
15 creatures vanquished.

Vanquished Creatures (others)
  A hydra (Lair:6)
  A naga (Lair:3)
  A bush (Lair:6)
  22 fungi
  52 plants
  4 toadstools (D:5)
81 creatures vanquished.

Grand Total: 488 creatures vanquished

Notes
Turn   | Place    | Note
-------+----------+-------------------------------------------
     0 | D:1      | infinitevox the Demonspawn Wanderer began the quest for the
                  | Orb.
     0 | D:1      | infinitevox set off with the following items: a +2
                  | falchion, a +0 hunting sling, 19 sling bullets, a +0 pair
                  | of boots, a +0 robe
     0 | D:1      | Reached XP level 1. HP: 13/13 MP: 1/1
   323 | D:1      | Gained mutation: You regenerate magic rapidly. [demonic
                  | ancestry]
   323 | D:1      | Reached XP level 2. HP: 17/19 MP: 2/2
   338 | D:1      | Reached skill level 5 in Long Blades
   340 | D:1      | Learned a level 1 spell: Slow
   859 | D:1      | Discovered your monstrous ancestry.
   859 | D:1      | Gained mutation: You have a pair of small antennae on your
                  | head. [demonic ancestry]
   859 | D:1      | Reached XP level 3. HP: 24/24 MP: 3/3
  1715 | D:2      | Found a hazy altar of Hepliaklqana.
  1833 | D:3      | Found a shadowy altar of Dithmenos.
  1873 | D:3      | Found Vusetz's Antique Armour Shop.
  2404 | D:3      | Gained mutation: Spells you cast may paralyse adjacent
                  | enemies. [demonic ancestry]
  2404 | D:3      | Reached XP level 4. HP: 27/30 MP: 4/4
  2733 | D:4      | Found a glowing drain.
  2749 | Sewer    | Entered a sewer
  2859 | Sewer    | Noticed Pargi
  2883 | Sewer    | Killed Pargi
  2884 | Sewer    | Gained mutation: When hurt, damage is shared between your
                  | health and your magic reserves. [demonic ancestry]
  2884 | Sewer    | Reached XP level 5. HP: 10/35 MP: 5/5
  3484 | D:4      | Found a staircase to the Ecumenical Temple.
  3541 | Temple   | Entered the Ecumenical Temple
  3860 | Temple   | Became a worshipper of Makhleb the Destroyer
  3918 | D:4      | Found the +1 Delatra's gloves {ID++}
  4206 | D:4      | Noticed an ogre
  4210 | D:4      | Killed an ogre
  4211 | D:4      | Reached skill level 5 in Slings
  4211 | D:4      | Gained mutation: You have a small tail. [demonic ancestry]
  4211 | D:4      | Reached XP level 6. HP: 41/41 MP: 6/6
  4320 | D:5      | Entered Level 5 of the Dungeon
  4343 | D:5      | Noticed a sky beast
  4368 | D:5      | Killed a sky beast
  4425 | D:5      | Found a runed translucent gate.
  4425 | D:5      | Found a runed translucent gate.
  4426 | D:5      | Found a runed translucent gate.
  4426 | D:5      | Noticed a troll
  4426 | D:5      | Noticed macfelon's ghost (amateur DECj)
  4549 | D:5      | Reached XP level 7. HP: 46/46 MP: 7/7
  5374 | D:6      | Reached skill level 5 in Dodging
  5431 | D:6      | Reached XP level 8. HP: 52/52 MP: 8/8
  5892 | D:6      | Reached skill level 1 in Fighting
  6400 | D:7      | Found Ymmoykhlozi's Armour Shop.
  6507 | D:7      | Noticed a cyclops
  6508 | D:7      | Reached * piety under Makhleb
  6513 | D:7      | HP: 2/61 [cyclops/large rock (36)]
  6518 | D:7      | Reached skill level 5 in Hexes
  6518 | D:7      | Reached skill level 5 in Evocations
  6518 | D:7      | Gained mutation: When low on magic, you restore magic in
                  | place of health. [demonic ancestry]
  6518 | D:7      | Reached XP level 9. HP: 58/71 MP: 0/13
  6521 | D:7      | Killed a cyclops
  6792 | D:7      | Noticed Pikel
  6806 | D:7      | Killed Pikel
  6807 | D:7      | Reached XP level 10. HP: 53/80 MP: 9/14
  7158 | D:7      | Noticed Joseph
  7178 | D:7      | Killed Joseph
  7594 | D:8      | Found a staircase to the Lair.
  7594 | D:8      | Noticed a death yak
  7597 | D:8      | Noticed a death yak
  7598 | D:8      | Noticed a death yak
  7619 | D:8      | Killed a death yak
  7619 | D:8      | Killed a death yak
  7620 | D:8      | Reached skill level 1 in Armour
  7626 | D:8      | Killed a death yak
  7627 | D:8      | Reached skill level 10 in Fighting
  7790 | D:8      | Reached ** piety under Makhleb
  8274 | D:9      | Found Geynesoledd's Book Boutique.
  8280 | D:9      | Found Koumuug's Book Boutique.
  8280 | D:9      | Found Qagorr's Weapon Boutique.
  8280 | D:9      | Found Quhedaul's Distillery.
  8294 | D:9      | Bought a potion of degeneration for 12 gold pieces
  8444 | D:9      | Found a runed translucent gate.
  8451 | D:9      | Found a runed translucent gate.
  8451 | D:9      | Found a runed translucent gate.
  8566 | D:9      | Noticed macfelon's ghost (novice DECj)
  8812 | D:9      | Noticed a cyclops
  8831 | D:9      | Killed a cyclops
  8832 | D:9      | Gained mutation: You have sharp fingernails. [demonic
                  | ancestry]
  8832 | D:9      | Reached XP level 11. HP: 74/91 MP: 15/15
  9058 | D:10     | Entered Level 10 of the Dungeon
  9375 | D:10     | Reached *** piety under Makhleb
  9451 | D:10     | Identified the ring of Urphubiet {Fire Str+3 Stlth+}
  9801 | Lair:1   | Entered Level 1 of the Lair of Beasts
  9842 | Lair:1   | Gained mutation: Armour fits poorly on your strangely
                  | shaped body. [potion of mutation]
  9842 | Lair:1   | Gained mutation: Your mind is acute. (Int +2) [potion of
                  | mutation]
  9884 | Lair:1   | Lost mutation: Armour fits poorly on your strangely shaped
                  | body. [potion of mutation]
  9884 | Lair:1   | Lost mutation: Your mind is acute. (Int +2) [potion of
                  | mutation]
  9884 | Lair:1   | Gained mutation: You passively map a small area around you.
                  | [potion of mutation]
  9884 | Lair:1   | Gained mutation: You are frail. (-10% HP) [potion of
                  | mutation]
  9884 | Lair:1   | Gained mutation: You passively map the area around you.
                  | [potion of mutation]
  9885 | Lair:1   | Lost mutation: You are frail. (-10% HP) [potion of
                  | mutation]
  9885 | Lair:1   | Lost mutation: You passively map the area around you.
                  | [potion of mutation]
  9885 | Lair:1   | Gained mutation: Your magical capacity is low. (-10% MP)
                  | [potion of mutation]
  9885 | Lair:1   | Gained mutation: You have very sharp teeth. [potion of
                  | mutation]
  9934 | Lair:1   | Reached skill level 1 in Shields
 10244 | Lair:1   | Reached skill level 5 in Armour
 10901 | Lair:1   | Noticed a six-headed hydra
 10914 | Lair:1   | Killed a six-headed hydra
 11053 | Lair:1   | Found an iron altar of Okawaru.
 11053 | Lair:1   | Noticed Maggie
 11087 | Lair:1   | Killed Maggie
 11229 | Lair:2   | Noticed Erica
 11260 | Lair:2   | Gained mutation: You have a pair of antennae on your head.
                  | [demonic ancestry]
 11260 | Lair:2   | Reached XP level 12. HP: 42/97 MP: 12/15
 11261 | Lair:2   | Killed Erica
 11348 | Lair:2   | Noticed Harold
 11366 | Lair:2   | Killed Harold
 11367 | Lair:2   | Reached skill level 10 in Long Blades
 11573 | Lair:2   | Noticed Fannar
 11592 | Lair:2   | Killed Fannar
 11622 | Lair:2   | Found a staircase to the Shoals.
 11664 | Lair:2   | Noticed a six-headed hydra
 11673 | Lair:2   | Killed a three-headed hydra
 11673 | Lair:2   | Reached **** piety under Makhleb
 12149 | Lair:3   | Found a staircase to the Snake Pit.
 12327 | Lair:3   | Noticed Rupert
 12420 | Lair:3   | Noticed Gastronok
 12452 | Lair:3   | Killed Gastronok
 12562 | Lair:3   | Killed Rupert
 13552 | Lair:4   | Noticed Nessos
 13567 | Lair:4   | Reached XP level 13. HP: 42/103 MP: 12/16
 13577 | Lair:4   | Killed Nessos
 14228 | Lair:5   | Reached skill level 5 in Shields
 14537 | Lair:5   | Noticed Josephine
 14553 | Lair:5   | Killed Josephine
 14625 | Lair:5   | Found a staircase to the Slime Pits.
 14626 | Lair:5   | Found a viscous altar of Jiyva.
 14661 | Lair:5   | Learned a level 3 spell: Confusing Touch
 14665 | Lair:5   | Learned a level 3 spell: Dazzling Flash
 14670 | Lair:5   | Learned a level 4 spell: Cause Fear
 14799 | Lair:5   | You fall into a shaft and drop 1 floor!
 14799 | Lair:6   | Entered Level 6 of the Lair of Beasts
 14804 | Lair:6   | Reached skill level 1 in Spellcasting
 14832 | Lair:6   | Identified a scroll of acquirement
 14832 | Lair:6   | Acquired the amulet of Vilatz {Reflect Int+4 SH+5}
 15033 | Lair:5   | Reached skill level 10 in Dodging
 15954 | Lair:5   | Reached skill level 10 in Armour
 16437 | Lair:6   | Gained mutation: You have very sharp fingernails. [demonic
                  | ancestry]
 16437 | Lair:6   | Reached XP level 14. HP: 104/111 MP: 15/18
 16488 | Lair:6   | Identified the +4 trident "Lyawu" {speed, Str+4}
 16601 | Lair:6   | Reached skill level 5 in Spellcasting
 16686 | Lair:6   | Reached ***** piety under Makhleb
 17445 | Lair:6   | Slain by a dream sheep

Illustrated notes

Levels and vault maps discovered:
D:1:      dpeg_arrival_ratfight, layout_loops_corners, minmay_small_reverse_x
D:2:      layout_loops_ring, basic_altar
D:3:      layout_basic, grunt_dithmenos_smoke, serial_shops, shop,
          chequers_hall_statues_wall_a
D:4:      layout_loops_ring, minmay_temple_entry_large_hall,
          cheibrodos_sewer_entry_sluice
D:5:      layout_basic, gammafunk_ghost_split, minmay_gold_behind_fungi
D:6:      layout_basic
D:7:      layout_loops_corners, serial_shops, shop, uniq_joseph, uniq_pikel
D:8:      layout_loops_ring, dpeg_lair_monsters, nicolae_wwwww
D:9:      layout_loops_cross, ebering_ghost_rock_garden,
          minmay_shop_grid_forest, minmay_curled_crystal,
          hangedman_decor_clover_reticule
D:10:     layout_rooms
Temple:   mainiacjoe_temple_archimedes_tessellation
Lair:1:   cheibrodos_lair_river_kwai, layout_chaotic_city, lemuel_centaur_altar,
          uniq_maggie
Lair:2:   layout_cave_shapes, elwin_shoals_entry_rocks, nicolae_lair_lil_pond,
          uniq_harold, uniq_erica, uniq_fannar
Lair:3:   layout_loops_ring, minmay_snake_entry_guardpost_medium,
          uniq_gastronok, uniq_rupert
Lair:4:   layout_gridlike, minivault_19, uniq_nessos
Lair:5:   beast_lair_carwin_large_1, layout_cave_pods, slime_altar_1,
          special_room [special_room_bee], infiniplex_staircase_pool_2,
          uniq_josephine
Lair:6:   gammafunk_lair_ancient_temple, layout_long_grid

Skill      XL: |  1  2  3  4  5  6  7  8  9 10 11 12 13 14 |
---------------+-------------------------------------------+-----
Long Blades    | 5 7 9 11 | 11.0
Slings         | 2 4 5 6 |  6.0
Dodging        | 2 5 6 8 10 | 10.0
Summonings     | 2 |  2.2
Fighting       | 6 8 10 11 | 11.4
Hexes          | 5 |  5.0
Invocations    | 6 7 |  7.3
Evocations     | 5 |  5.1
Armour         | 3 5 7 10 | 10.0
Shields        | 2 4 5 |  5.0
Spellcasting   | 4 6 |  6.0

Action                   |  1- 3 |  4- 6 |  7- 9 | 10-12 | 13-15 || total
-------------------------+-------+-------+-------+-------+-------++-------
Melee: Short sword       |    34 |    60 |    24 |    50 |       ||   168
       Falchion          |     1 |       |       |   225 |       ||   226
       Punch             |     1 |     3 |       |       |       ||     4
       Hunting sling     |       |       |     1 |       |       ||     1
       Tailslap          |       |       |     2 |    72 |   111 ||   185
       Scimitar          |       |       |       |   137 |   536 ||   673
       Bite              |       |       |       |    35 |    95 ||   130
 Fire: Hunting sling     |    68 |    65 |   156 |   451 |     9 ||   749
 Cast: Slow              |       |     1 |     7 |    11 |    13 ||    32
       Confusing Touch   |       |       |       |       |     8 ||     8
       Cause Fear        |       |       |       |       |     2 ||     2
       Dazzling Flash    |       |       |       |       |     1 ||     1
Invok: Lesser Servant of |       |       |       |     5 |    10 ||    15
       Minor Destruction |       |       |       |       |     1 ||     1
       Major Destruction |       |       |       |       |     1 ||     1
Evoke: Wand              |       |     1 |     9 |    39 |    15 ||    64
       Phial of floods   |       |       |       |       |     1 ||     1
       Condenser vane    |       |       |       |       |     1 ||     1
  Use: Potion            |       |     6 |     3 |    12 |    16 ||    37
       Scroll            |       |     7 |     1 |    14 |     8 ||    30
 Stab: Sleeping          |     1 |     1 |       |       |       ||     2
       Invisible         |       |     1 |       |     1 |    18 ||    20
       Paralysed         |       |       |     7 |       |    21 ||    28
       Distracted        |       |       |       |     1 |     2 ||     3
       Confused          |       |       |       |       |     4 ||     4
Armor: Robe              |    13 |    33 |    21 |     4 |       ||    71
       Ring mail         |       |       |       |   160 |    78 ||   238
       Skin              |       |       |       |     5 |       ||     5
       Swamp dragon scal |       |       |       |       |   103 ||   103
Dodge: Dodged            |    21 |    85 |    40 |   300 |   606 ||  1052
Block: Buckler           |       |       |       |   105 |   301 ||   406
       Reflection        |       |       |       |       |     1 ||     1
